 Dungeon Crawl Stone Soup version 0.30-a0-610-gb513c0a51f (webtiles) character file.

Game seed: 5544360475956521516

30 BaabKaare the Firebug (level 3, -7/21 HPs)
             Began as a Human Fire Elementalist on Jan 8, 2023.
             Killed by an exploding goblin (28 damage)
             ... ignited by their inner flame
             ... on level 2 of the Dungeon.
             The game lasted 00:08:58 (1272 turns).

BaabKaare the Firebug (Human Fire Elementalist)     Turns: 1272, Time: 00:08:59

Health: -7/21      AC:  2    Str:  8    XL:     3   Next: 37%
Magic:  2/6        EV: 12    Int: 17    God:
Gold:   72         SH:  0    Dex: 13    Spells: 1/7 levels left

rFire   . . .      SeeInvis .    (no weapon)
rCold   . . .      Faith    .    (no shield)
rNeg    . . .      Spirit   .    a - +0 robe
rPois   .          Reflect  .    (no helmet)
rElec   .          Harm     .    (no cloak)
rCorr   .          Rampage  .    (no gloves)
Will    .....                    (no boots)
Stlth   ++                       (no amulet)
HPRegen 0.23/turn                (no ring)
MPRegen 0.10/turn                (no ring)

@: no status effects
A: talons 1, frail 1
a: no special abilities


You were on level 2 of the Dungeon.
You visited 1 branch of the dungeon, and saw 2 of its levels.

You collected 72 gold pieces.

Inventory:

Hand Weapons
 h - a +0 mace of draining
Armour
 a - a +0 robe (worn)
Scrolls
 c - 3 scrolls of identify {unknown}
 d - a scroll of enchant weapon {unknown}
 e - a scroll of silence {unknown}
 f - a scroll of magic mapping {unknown}
 i - a scroll of teleportation {unknown}
 k - a scroll of vulnerability {unknown}
Potions
 b - a potion of ambrosia {unknown}
 g - a potion of haste {unknown}
 j - a potion of degeneration {unknown}


   Skills:
 + Level 2.1 Dodging
 + Level 2.0 Stealth
 + Level 2.5 Spellcasting
 + Level 1.5 Conjurations
 + Level 3.5 Fire Magic


You had one spell level left.
You knew the following spells:

 Your Spells              Type           Power      Damage    Failure   Level
a - Foxfire               Conj/Fire      40%        2x1d6     7%          1
b - Scorch                Fire           28%        2d6       7%          2
c - Inner Flame           Hex/Fire       8%         N/A       26%         3

Your spell library contained the following spells:

 Spells                   Type           Power      Damage    Failure   Level
 Magic Dart               Conj           28%        1d4       10%         1
 Call Imp                 Summ           2%         N/A       28%         2
 Kindle Blastsparks       Fire/Tloc/Air  12%        2d11      34%         3
 Mephitic Cloud           Conj/Pois/Air  3%         N/A       41%         3
 Flame Wave               Conj/Fire      10%        2d6       54%         4
 Petrify                  Tmut/Erth      2%         N/A       88%         4
 Metabolic Englaciation   Hex/Ice        1%         N/A       99%         5
 Statue Form              Tmut/Erth      1%         N/A       100%        6


Dungeon Overview and Level Annotations

Branches:
Dungeon (2/15)

Altars:
Nemelex Xobeh


Innate Abilities, Weirdness & Mutations

You have sharp toenails.
You are frail. (-10% HP)


Message History

You now have 72 gold pieces (gained 8).
j - a murky white potion A bat comes into view.
Casting: Foxfire (safe; 7% risk of failure)
Confirm with . or Enter, or press ? or * to list all spells.
Flames lash the bat.
You kill the bat!
You start resting.
Magic restored.
There is a stone staircase leading up here.
Found a scroll labelled VEMNUM ZOID.
k - a scroll labelled VEMNUM ZOID A goblin comes into view.
It is wielding a +0 club.
Casting: Scorch (safe; 7% risk of failure)
Confirm with . or Enter, or press ? or * to list all spells.
Okay, then.
Casting: Scorch (safe; 7% risk of failure)
Confirm with . or Enter, or press ? or * to list all spells.
The spell is extremely dangerous to miscast (26% risk of failure)!
Continue anyway?
Aiming: Inner Flame (extremely dangerous; 26% risk of failure)
Press: ? - help, Dir - move target, f - goblin
Aim: a goblin, wielding a +0 club (asleep, chance to affect: 72%)
The goblin shouts!
The goblin is filled with an inner flame.
Casting: Inner Flame (extremely dangerous; 26% risk of failure)
Confirm with . or Enter, or press ? or * to list all spells.
You conjure some foxfire!
You start resting.
A goblin is nearby!
The goblin attacks as you move away! The goblin closely misses you.
The goblin attacks as you move away! The goblin closely misses you.
Really attack while wielding nothing?
Okay, then.
Casting: Foxfire (safe; 7% risk of failure)
Confirm with . or Enter, or press ? or * to list all spells.
Flames lash the goblin.
The goblin explodes!
The fiery explosion engulfs you!!
Ouch! That really hurt!
You die...

#.# #.# #.# #.#
#.# . #.# .. #§#
.. #§# # #.###@#.#
###...#.#.#
..........#
#######.#....#
#.#.##.# #<# # ..
#.# #.#
################.#


There were no monsters in sight!

Vanquished Creatures
  An adder (D:2)
  4 ball pythons
  4 bats
  5 goblins
  2 hobgoblins (D:1)
  A frilled lizard (D:1)
  2 kobolds (D:1)
  4 rats (D:1)
23 creatures vanquished.

Vanquished Creatures (others)
  58 foxfires
58 creatures vanquished.

Grand Total: 81 creatures vanquished

Notes
Turn   | Place    | Note
-------+----------+-------------------------------------------
     0 | D:1      | BaabKaare the Human Fire Elementalist began the quest for
                  | the Orb.
     0 | D:1      | Reached XP level 1. HP: 13/13 MP: 3/3
   109 | D:1      | Reached XP level 2. HP: 19/19 MP: 0/5
   485 | D:1      | Found a faded altar of an unknown god.
   697 | D:1      | Learned a level 2 spell: Scorch
   713 | D:1      | Gained mutation: You have sharp toenails. [potion of
                  | mutation]
   713 | D:1      | Gained mutation: You are frail. (-10% HP) [potion of
                  | mutation]
   919 | D:2      | Found a sparkling altar of Nemelex Xobeh.
   995 | D:2      | Reached XP level 3. HP: 21/21 MP: 1/6
  1062 | D:2      | Learned a level 3 spell: Inner Flame
  1272 | D:2      | Killed by an exploding goblin... ignited by their inner
                  | flame

Illustrated notes

Levels and vault maps discovered:
D:1:      minmay_arrival_stone_box, layout_rooms,
          dreamdust_ecumenical_altar_sealed_demon, kennysheep_doodads,
          corexii_hall_statues_t
D:2:      layout_basic, basic_altar

Action                   || total
-------------------------++-------
 Cast: Foxfire           ||    32
       Scorch            ||     8
       Inner Flame       ||     1
  Use: Potion            ||     2
Armor: Robe              ||     2
Dodge: Dodged            ||     5

Table legend: (Time is in decaauts)
 A = Elapsed time spent in this place.
 B = Non-inter-level travel time spent in this place.
 C = Inter-level travel time spent in this place.
 D = Time resting spent in this place.
 E = Time spent auto-exploring this place.
 F = Levels seen in this place.
 G = Mean time per level.
                   A        B        C        D        E       F      G
               +--------+--------+--------+--------+--------+-----+--------+
         Total |   1273 |   1273 |      0 |    333 |    294 |   2 |  636.5 |
       Dungeon |   1273 |   1273 |      0 |    333 |    294 |   2 |  636.5 |
               +--------+--------+--------+--------+--------+-----+--------+

Top non-repeatable levels by time:
     D:1: 899 daAuts
     D:2: 373 daAuts
